AoeStats
← Gpa

Arena

510132656Analyzed
2v2 RM · 3d ago on Sep 29, 2026· 44m 1s· 4 players
Game mode
Random Map
Map size
Medium (4 player)
Population
200
Speed
Normal
Resources
Standard
Victory
Conquest
Starting age
Dark Age
Ending age
Imperial Age
RankedLock teamsTeams togetherTeam positionsShared explorationLock speedFull tech treeHidden civsTurbo modeCheats
Victory
Defeat
🇫🇷 Ethiopians · France
1230
+18
🇫🇷 Danes · France
1229
+18
1280
-18
🇦🇷 Gurjaras · Argentina
1280
-18
[TLGA] - Wendy Sulka
9:28 Feudal Age
11:12 Loom
14:14 Castle Age
12:42 Double-Bit Axe
13:51 Town Watch
16:52 Horse Collar
18:05 Wheelbarrow
20:07 Bow Saw
23:40 Hand Cart
25:08 Heavy Plow
28:28 Imperial Age
26:06 Fletching
26:36 Masonry
26:57 Bodkin Arrow
27:17 Gold Mining
27:30 Padded Archer Armor
28:19 Kshatriyas
28:59 Thumb Ring
29:11 Leather Archer Armor
30:17 Chemistry
29:37 Ballistics
29:18 Stone Mining
30:16 Coinage
30:02 Bloodlines
29:53 Husbandry
32:03 Banking
31:34 Bracer
33:19 Architecture
32:14 Light Cavalry
34:22 Gold Shaft Mining
34:23 Stone Shaft Mining
33:55 Scale Barding Armor
34:02 Forging
35:00 Conscription
35:37 Frontier Guards
35:37 Town Patrol
35:28 Elite Elephant Archer
37:26 Hoardings
38:28 Hussar
41:35 Chain Barding Armor
[TLGA] - La Tigresa del Oriente
10:00 Feudal Age
11:54 Loom
14:43 Castle Age
13:04 Double-Bit Axe
14:02 Horse Collar
20:10 Wheelbarrow
21:53 Gold Mining
24:37 Bow Saw
24:48 Heavy Plow
28:52 Imperial Age
26:22 Town Watch
28:53 Ballistics
29:11 Fletching
29:18 Stone Mining
31:03 Chemistry
31:09 Two-Man Saw
30:44 Crop Rotation
30:54 Hand Cart
31:23 Gold Shaft Mining
32:06 Scale Mail Armor
31:45 Heavy Scorpion
33:22 Conscription
32:31 Man-at-Arms
32:33 Pikeman
33:15 Squires
33:37 Siege Engineers
34:11 Forging
33:39 Onager
34:16 Long Swordsman
35:33 Iron Casting
35:03 Two-Handed Swordsman
36:00 Chain Mail Armor
37:16 Blast Furnace
36:21 Detinets
36:35 Bodkin Arrow
36:42 Champion
38:02 Druzhina
40:21 Plate Mail Armor
41:51 Siege Onager
Gpa
10:53 Feudal Age
15:34 Castle Age
15:24 Double-Bit Axe
18:15 Wheelbarrow
21:24 Bow Saw
23:14 Horse Collar
25:44 Hand Cart
29:10 Imperial Age
27:34 Heavy Plow
27:40 Scale Mail Armor
27:44 Squires
28:40 Forging
28:45 Chain Mail Armor
30:18 Gold Mining
30:32 Devotion
31:55 Gold Shaft Mining
32:11 Iron Casting
33:09 Ballistics
33:40 Plate Mail Armor
33:39 Fletching
34:52 Chemistry
34:40 Conscription
35:04 Bodkin Arrow
35:09 Padded Archer Armor
34:44 Cranequins
35:51 Bloodlines
36:19 Husbandry
36:28 Bracer
38:29 Blast Furnace
38:31 Onager
38:37 Northmen's Fury
40:50 Siege Engineers
40:53 Siege Onager
43:57 Thumb Ring
coco le bonobo
9:18 Feudal Age
12:48 Castle Age
11:19 Double-Bit Axe
17:28 Loom
20:50 Wheelbarrow
20:46 Bow Saw
20:34 Gold Mining
20:53 Horse Collar
22:27 Hand Cart
22:07 Stone Mining
22:22 Town Watch
28:22 Imperial Age
26:34 Stone Shaft Mining
26:25 Scale Mail Armor
26:35 Forging
26:59 Heavy Plow
27:27 Chain Mail Armor
27:25 Heavy Plow
28:02 Gold Shaft Mining
28:47 Iron Casting
28:26 Squires
29:35 Plate Mail Armor
30:10 Chemistry
29:20 Halberdier
31:28 Blast Furnace
30:56 Conscription
32:23 Torsion Engines
33:22 Siege Engineers
34:28 Onager
37:33 Siege Onager
39:25 Fletching
39:36 Padded Archer Armor
40:00 Ballistics
Connection lost

Rejoining the realm…

Still unreachable

The connection could not be restored.

Session expired

The server has moved on; the page needs a fresh start.